 Dungeon Crawl Stone Soup version 0.28-a0-268-g3f656e82c2 (webtiles) character file.

Game seed: 3026914475918390668

128582 Larwick the Severer (level 16, -8/136 HPs)
             Began as a Deep Dwarf Fighter on Aug 27, 2021.
             Was the Champion of Hepliaklqana.
             Hit by a javelin thrown by a merfolk javelineer (22 damage)
             ... on level 2 of the Shoals on Aug 29, 2021.
             The game lasted 02:48:54 (21325 turns).

Larwick the Severer (Deep Dwarf Fighter)           Turns: 21325, Time: 02:48:55

Health: -8/136     AC: 41    Str: 32    XL:     16   Next: 48%
Magic:  4/4        EV:  9    Int: 15    God:    Hepliaklqana [******]
Gold:   965        SH: 13    Dex:  8    Spells: 15/15 levels left

rFire   + . .      SeeInvis +   L - +7 war axe "Anaclut" {vorpal, Str+8 Dex+2}
rCold   + . .      Faith    .   v - +2 buckler "Wirphyfaph" {rF+ Stlth+}
rNeg    + . .      Spirit   .   d - +14 plate armour of the Apothecary {rPois rC+ Will+ Dex-3}
rPois   +          Reflect  +   M - +2 hat
rElec   .          Harm     .   x - +1 cloak of the Forest {Rampage Will+}
rCorr   +          Rampage  +   c - +2 pair of gloves
Will    ++++.                   g - +2 pair of boots
Stlth   ..........              W - amulet of reflection
HPRegen 0.00/turn               y - +4 ring of slaying
MPRegen 0.09/turn               j - ring "Pugh" {rCorr Int+4 Dex-4 SInv}

@: lethally poisoned (-8 -> -8), marked
A: reduced essence, damage resistance, heal wounds, negative energy resistance
1, sense surroundings 2, no regeneration
a: Heal Wounds, Renounce Religion, Recall Ancestor, Ancestor Identity,
Transference, Idealise


You were on level 2 of the Shoals.
You worshipped Hepliaklqana.
Hepliaklqana was exalted by your worship.
You visited 6 branches of the dungeon, and saw 26 of its levels.

You collected 2478 gold pieces.
You spent 1513 gold pieces at shops.

Inventory:

Hand Weapons
 t - the +5 whip "Zysel" {vorpal, rF+ Will- rCorr}
   (You found it on level 4 of the Lair of Beasts)

   It inflicts extra damage upon your enemies.
   rF:        It protects you from fire.
   rCorr:     It protects you from acid and corrosion.
   Will:      It decreases your willpower.
 H - a +3 vampiric battleaxe
 L - the +7 war axe "Anaclut" (weapon) {vorpal, Str+8 Dex+2}
   (You found it on level 7 of the Dungeon)

   It inflicts extra damage upon your enemies.
   Str:       It affects your strength (+8).
   Dex:       It affects your dexterity (+2).
Armour
 c - a +2 pair of gloves (worn)
 d - the +14 plate armour of the Apothecary (worn) {rPois rC+ Will+ Dex-3}
   (You bought it in a shop on level 2 of the Orcish Mines)

   Dex:       It affects your dexterity (-3).
   rC:        It protects you from cold.
   rPois:     It protects you from poison.
   Will:      It increases your willpower.
 g - a +2 pair of boots (worn)
 v - the +2 buckler "Wirphyfaph" (worn) {rF+ Stlth+}
   (You found it on level 4 of the Dungeon)

   rF:        It protects you from fire.
   Stlth:     It makes you more stealthy.
 x - the +1 cloak of the Forest (worn) {Rampage Will+}
   (You found it on level 4 of the Dungeon)

   Rampage:   It bestows one free step when moving towards enemies.
   Will:      It increases your willpower.
 M - a +2 hat (worn)
Jewellery
 j - the ring "Pugh" (right hand) {rCorr Int+4 Dex-4 SInv}
   (You found it on level 12 of the Dungeon)

   [ring of see invisible]

   Int:       It affects your intelligence (+4).
   Dex:       It affects your dexterity (-4).
   SInv:      It lets you see invisible.
   rCorr:     It protects you from acid and corrosion.
 y - a +4 ring of slaying (left hand)
 G - a ring of poison resistance
 S - a ring of protection from cold
 W - an amulet of reflection (around neck)
Wands
 h - a wand of mindburst (9) (quivered)
 m - a wand of iceblast (8)
 u - a wand of paralysis (11)
 w - a wand of flame (51)
 T - a wand of acid (6)
 Y - a wand of polymorph (18)
Scrolls
 e - 2 scrolls of amnesia
 f - 3 scrolls of silence
 i - a scroll of noise {unknown}
 k - 3 scrolls of magic mapping
 D - a scroll of blinking
 E - a scroll of fear
 F - 2 scrolls of enchant weapon
 Q - 8 scrolls of teleportation
Potions
 a - 3 potions of haste
 b - 2 potions of brilliance {unknown}
 l - 2 potions of magic {unknown}
 n - 4 potions of flight
 o - a potion of might
 q - 2 potions of berserk rage
 r - 5 potions of resistance
 B - 2 potions of cancellation {unknown}
 C - 3 potions of heal wounds
 I - 2 potions of mutation {unknown}
 K - a potion of degeneration {unknown}
 P - 6 potions of attraction {unknown}
 V - a potion of ambrosia {unknown}
 X - 2 potions of lignification {unknown}
Miscellaneous
 p - a box of beasts
 J - a lightning rod (2/4)
 N - a phantom mirror (inert)
 R - a tin of tremorstones (2/2)


   Skills:
 + Level 12.0 Fighting
 + Level 2.2 Short Blades
 + Level 17.6(18.0) Axes
 + Level 6.9(12.7) Maces & Flails
 + Level 3.0 Throwing
 + Level 13.4 Armour
 + Level 3.7 Dodging
 + Level 7.2 Stealth
 + Level 12.4 Shields
 * Level 11.9 Invocations
 + Level 4.8 Evocations


You had 15 spell levels left.
You didn't know any spells.
Your spell library contained the following spells:

 Spells                   Type           Power      Damage    Failure   Level
 Beastly Appendage        Tmut           0%         N/A       82%         1
 Foxfire                  Conj/Fire      0%         2x1d4     82%         1
 Pain                     Necr           0%         1d4       82%         1
 Blink                    Tloc           N/A        N/A       91%         2
 Static Discharge         Conj/Air       0%         N/A       91%         2
 Sublimation of Blood     Necr           0%         N/A       91%         2
 Wereblood                Tmut           0%         N/A       91%         2
 Call Canine Familiar     Summ           0%         N/A       99%         3
 Conjure Flame            Conj/Fire      0%         6-21      99%         3
 Dazzling Flash           Conj/Hex       0%         N/A       99%         3
 Gell's Gravitas          Tloc           0%         N/A       99%         3
 Ignite Poison            Fire/Tmut/Pois 0%         N/A       99%         3
 Inner Flame              Hex/Fire       0%         N/A       99%         3
 Lesser Beckoning         Tloc           0%         N/A       99%         3
 Portal Projectile        Hex/Tloc       0%         N/A       99%         3
 Spider Form              Tmut/Pois      0%         N/A       99%         3
 Stone Arrow              Conj/Erth      0%         3d7       99%         3
 Summon Guardian Golem    Hex/Summ       0%         N/A       99%         3
 Teleport Other           Tloc           0%         N/A       99%         3
 Cause Fear               Hex            0%         N/A       100%        4
 Leda's Liquefaction      Hex/Erth       0%         N/A       100%        4
 Petrify                  Tmut/Erth      0%         N/A       100%        4
 Sticky Flame             Conj/Fire      0%         2d3       100%        4
 Agony                    Necr           0%         N/A       100%        5
 Blade Hands              Tmut           0%         N/A       100%        5
 Bolt of Magma            Conj/Fire/Erth 0%         4d4       100%        5
 Excruciating Wounds      Necr           0%         N/A       100%        5
 Irradiate                Conj/Tmut      0%         3d13      100%        5
 Lightning Bolt           Conj/Air       0%         1d11      100%        5
 Manifold Assault         Tloc           0%         N/A       100%        5
 Silence                  Hex/Air        0%         N/A       100%        5
 Dispersal                Tloc           0%         N/A       100%        6
 Statue Form              Tmut/Erth      0%         N/A       100%        6
 Dragon Form              Tmut           0%         N/A       100%        7
 Orb of Destruction       Conj           0%         N/A       100%        7
 Spellforged Servitor     Conj/Summ      0%         N/A       100%        7
 Summon Hydra             Summ           0%         N/A       100%        7
 Discord                  Hex            0%         N/A       100%        8
 Maxwell's Capacitive Co  Air            0%         ∞         100%        8
 Shatter                  Erth           0%         3d5*      100%        9


Dungeon Overview and Level Annotations

Branches:
Dungeon (13/15)            Temple (1/1) D:7            Lair (6/6) D:8
 Shoals (3/4) Lair:4        Snake (1/4) Lair:4        Slime (0/5) Lair:5
    Orc (2/2) D:10            Elf (0/3) Orc:2        Vaults (0/5) D:13

Altars:
Ashenzari
Cheibriados
Dithmenos
Elyvilon
Fedhas
Gozag
Hepliaklqana
Kikubaaqudgha
Makhleb
Nemelex Xobeh
Okawaru
Qazlal
Ru
Sif Muna
Trog
Uskayaw
Vehumet
Wu Jian
Xom
Yredelemnul
Zin
The Shining One
Beogh

Shops:
D:2 (!   D:8 *   D:11 =   Orc:2 *([:   Shoals:2 :

Annotations:
D:7 3 runed translucent doors, aMcNicky's ghost, novice HuGl
Shoals:3 Ilsuiw


Innate Abilities, Weirdness & Mutations

Your life essence is reduced to manifest your ancestor. (-10% HP)
You are resistant to damage.
You can heal yourself by infusing magical energy.
You resist negative energy. (rN+)
You passively map the area around you.
You do not regenerate.


Message History

You resist with almost no effort.
You block the merfolk javelineer's attack.
The merfolk javelineer throws a javelin.
The javelin pierces through you but does no damage.
Your merfolk siren misses the merfolk.
There is a stone staircase leading up here.
Your sea snake closely misses the merfolk.
You block the merfolk's attack. The sea snake bites you.
You are poisoned.
The sea snake poisons you!
The merfolk hits your sea snake with a +0 trident!
The merfolk javelineer throws a javelin.
The javelin pierces through you but does no damage.
The merfolk javelineer throws a javelin.
The javelin pierces through you but does no damage.
Ilsuiw hits you but does no damage.
The merfolk hits you but does no damage.
Your merfolk siren hits the merfolk from afar with a +0 trident.
You climb upwards.
You feel extremely sick.
Found a ring mail.
There is a stone staircase leading down here.
You feel much better.
You feel extremely sick.
The sea snake bites you but does no damage.
The merfolk javelineer throws a javelin.
The javelin pierces through you!!
* * * LOW HITPOINT WARNING * * *
The javelin pierces through the merfolk!!
You block the merfolk's attack.
Blink to where?
Press: ? - help, Dir - move target Splash!
You fall into the shallow water.
Moving in this stuff is going to be slow.
As you read the scroll of blinking, it crumbles to dust.
You feel sick.
The merfolk javelineer throws a javelin.
The javelin pierces through you!!
You die...

≈≈≈≈≈≈ ≈ ≈ ≈ ≈≈ ≈
≈ ≈≈≈≈≈
≈≈≈≈≈≈≈≈≈≈≈≈≈≈≈≈≈
≈ ≈≈≈≈ ≈
≈≈.≈≈≈≈≈≈≈≈≈≈≈≈
≈≈≈≈≈ ,
.......≈≈≈≈≈≈≈≈
≈≈≈
,........≈≈≈≈≈≈≈≈
≈ ≈≈≈
**#....≈≈.≈≈≈≈≈≈≈
≈ ≈ ≈≈ * **
#....≈..≈≈.≈≈≈≈
≈≈≈ ,**
#....≈≈≈.≈≈≈≈ ≈ ≈
, ,* #...@≈≈≈≈≈≈≈
≈ ,* #
*#......≈≈≈≈≈≈ ≈
* *
...........≈≈≈≈≈
,
,.....###...[≈≈≈≈
* ... * #...≈≈≈≈≈
≈ , ##..
##....≈≈≈≈
#...#mS...≈≈≈≈ ≈
≈ ,
#....§m.≈≈≈≈≈≈≈ ≈
* #.....≈≈≈≈≈≈≈
≈≈≈≈≈


You could see a merfolk javelineer, a sea snake and a merfolk.

Vanquished Creatures
  2 orc warlords (Orc:2)
  A stone giant (D:12)
  Nessos (Orc:2)
  A merfolk javelineer (Shoals:2)
  The ghost of Eletz the Ogre Mage, a journeyman OgEE of Ru (D:12)
  A merfolk impaler (Shoals:2)
  Fannar (Lair:3)
  A vault guard (D:13)
  5 hydras
  2 naga warriors (Snake:1)
  8 boulder beetles
  A merfolk avatar (Shoals:1)
  A merfolk aquamancer (Shoals:1)
  3 catoblepae (Lair:6)
  A two-headed ogre (D:11)
  A satyr (Shoals:2)
  A centaur warrior (D:8)
  4 death yaks
  4 orc high priests (Orc:2)
  A shock serpent (Snake:1)
  A tengu warrior (D:12)
  2 sea snakes
  A phantasmal warrior (D:12)
  A lindwurm (Lair:4)
  3 orc knights (Orc:2)
  A wizard (D:12)
  9 harpies
  2 ugly things
  A wolf spider (Lair:4)
  A deep elf pyromancer (D:13)
  14 fauns
  4 cyclopes
  3 manticores
  6 orc sorcerers
  6 elephants
  3 black mambas
  3 merfolk sirens
  A gargoyle (D:11)
  7 cane toads
  2 torpor snails
  An unseen horror (D:13)
  Maggie (D:9)
  15 komodo dragons
  2 kobold demonologists
  7 trolls
  2 jumping spiders (Lair:4)
  6 slime creatures
  12 merfolk
  2 polar bears
  18 blink frogs
  8 dream sheep
  A hornet (D:9)
  A meliai zombie (D:10)
  A snapping turtle (Shoals:1)
  A shadow (D:12)
  37 yaks
  8 wyverns
  6 water elementals
  A tarantella (Lair:4)
  A wraith (D:11)
  5 humans (D:13)
  6 basilisks
  A steam dragon (D:6)
  2 wargs
  4 vampire mosquitoes
  A cane toad zombie (D:9)
  4 nagas
  Menkaure (D:6)
  3 acid dragons
  9 water moccasins
  27 orc warriors
  A hornet zombie (D:5)
  3 necrophages
  A black bear (D:8)
  9 ogres
  8 wolves (Lair:3)
  6 centaurs
  A phantom (D:5)
  4 kobold brigands
  13 bullfrogs
  3 gnoll sergeants
  2 water moccasin zombies (D:5)
  2 scorpions (D:5)
  A wyvern zombie (D:8)
  A water moccasin skeleton (D:5)
  7 wights
  An electric eel (D:11)
  A howler monkey (D:8)
  2 lava snakes (Lair:4)
  5 bullfrog zombies
  A jelly (D:8)
  2 gnoll shamans
  A hound (D:4)
  13 orc priests
  A centaur skeleton (D:6)
  3 iguanas
  Ijyb (D:4)
  6 hell rats (Lair:4)
  20 orc wizards
  A scorpion zombie (D:5)
  A hound skeleton (D:5)
  A howler monkey zombie (D:5)
  18 gnolls
  6 adders
  A white imp (D:8)
  An ufetubus (D:5)
  4 dart slugs
  78 orcs
  8 bats
  2 endoplasms
  4 giant cockroaches
  4 goblins
  6 hobgoblins
  3 jackals (D:2)
  6 ball pythons
  4 frilled lizards
  21 kobolds
  2 rats (D:2)
  A tentacle (Shoals:2)
597 creatures vanquished.

Vanquished Creatures (collateral kills)
  A kraken (Shoals:2)
  Aizul (Shoals:2)
  A dire elephant (Lair:6)
  2 vault guards (D:13)
  2 hydras
  A boulder beetle (D:11)
  2 catoblepae
  A merfolk avatar (Shoals:2)
  An anaconda (Snake:1)
  Erica (Lair:2)
  A two-headed ogre (D:11)
  2 death yaks (Lair:6)
  A sea snake (Shoals:2)
  A lindwurm (Lair:4)
  13 harpies
  9 fauns
  3 cyclopes
  2 elephants
  2 black mambas
  An eye of devastation (Lair:5)
  A water nymph (Shoals:1)
  3 cane toads
  2 rime drakes
  A kobold demonologist (D:9)
  5 komodo dragons
  10 merfolk
  A troll (D:12)
  3 blink frogs
  2 snapping turtles (Shoals:1)
  2 dream sheep (Lair:6)
  12 yaks
  2 redbacks (Lair:4)
  4 water elementals
  A wyvern (Lair:4)
  3 humans (D:13)
  2 steam dragons (D:8)
  A vampire mosquito (D:13)
  A naga (Snake:1)
  2 water moccasins
  A floating eye (Lair:5)
  7 orc warriors
  A wolf (Lair:3)
  2 centaurs (Lair:4)
  A bullfrog (Lair:4)
  2 wights (D:9)
  An orc priest (D:10)
  A hell rat (Lair:4)
  2 orc wizards
  2 gnolls
  15 orcs
  3 kobolds
144 creatures vanquished.

Vanquished Creatures (others)
  A human (D:13)
  An ogre (Orc:2)
  17 battlemagi
  3 ancestors
  A gnoll (D:6)
  An orc (Orc:2)
  45 fungi
  80 plants
  8 tentacles (Shoals:2)
  4 toadstools (D:11)
161 creatures vanquished.

Grand Total: 902 creatures vanquished

Notes
Turn   | Place    | Note
-------+----------+-------------------------------------------
     0 | D:1      | Larwick the Deep Dwarf Fighter began the quest for the Orb.
     0 | D:1      | Reached XP level 1. HP: 20/20 MP: 1/1
   134 | D:1      | Reached XP level 2. HP: 17/27 MP: 2/2
   148 | D:1      | You fall into a shaft and drop 1 floor!
   250 | D:2      | Found Cajutzil's Weapon Shop.
   321 | D:2      | Reached XP level 3. HP: 28/33 MP: 3/3
   706 | D:2      | Found Sadghehi's Distillery.
   936 | D:3      | Reached skill level 3 in Axes
  1439 | D:3      | Found a hide-covered altar of Uskayaw.
  1439 | D:3      | Found a shadowy altar of Dithmenos.
  1566 | D:4      | Noticed a centaur
  1576 | D:4      | Killed a centaur
  1577 | D:4      | Reached skill level 1 in Maces & Flails
  1577 | D:4      | Reached skill level 1 in Dodging
  1577 | D:4      | Reached XP level 4. HP: 31/42 MP: 4/4
  1577 | D:4      | Reached XP level 5. HP: 36/49 MP: 5/5
  1618 | D:4      | Found a glowing silver altar of Zin.
  1618 | D:4      | Noticed Ijyb
  1623 | D:4      | Paralysed by Ijyb for 5 turns
  1634 | D:4      | Paralysed by Ijyb for 3 turns
  1642 | D:4      | Killed Ijyb
  1928 | D:4      | Identified the +2 buckler "Wirphyfaph" {rF+ Stlth+}
  2326 | D:4      | Reached XP level 6. HP: 56/56 MP: 6/6
  2544 | D:4      | Identified the +1 cloak of the Forest {Rampage Will+}
  2606 | D:5      | Entered Level 5 of the Dungeon
  2933 | D:5      | Reached skill level 1 in Stealth
  2946 | D:5      | Reached XP level 7. HP: 47/63 MP: 7/7
  3255 | D:5      | Reached skill level 5 in Shields
  3277 | D:5      | Reached skill level 1 in Short Blades
  4012 | D:6      | Found a blossoming altar of Fedhas.
  4037 | D:6      | Reached XP level 8. HP: 64/72 MP: 6/6
  4283 | D:6      | Reached skill level 5 in Armour
  4301 | D:6      | Reached skill level 5 in Maces & Flails
  4301 | D:6      | Reached skill level 1 in Throwing
  4345 | D:6      | Found a bloodstained altar of Trog.
  4391 | D:6      | Upgraded the game from 0.28-a0-265-g048bc9fd10 to
                  | 0.28-a0-268-g3f656e82c2
  4681 | D:7      | Noticed Menkaure
  4710 | D:6      | Killed Menkaure
  4814 | D:7      | Identified the +7 war axe "Anaclut" {vorpal, Str+8 Dex+2}
  4891 | D:7      | Found a runed translucent gate.
  4891 | D:7      | Found a runed translucent gate.
  4892 | D:7      | Found a runed translucent gate.
  4892 | D:7      | Noticed aMcNicky's ghost (novice HuGl)
  4937 | D:7      | Gained mutation: You passively map the area around you.
                  | [Deep Dwarf growth]
  4937 | D:7      | Reached XP level 9. HP: 58/79 MP: 5/5
  4947 | D:7      | Reached skill level 4 in Axes
  5079 | D:7      | Found a staircase to the Ecumenical Temple.
  5085 | Temple   | Entered the Ecumenical Temple
  5097 | Temple   | Became a worshipper of Hepliaklqana the Forgotten
  5281 | D:7      | You fall into a shaft and drop 3 floors!
  5281 | D:10     | Entered Level 10 of the Dungeon
  5281 | D:10     | Found a snail-covered altar of Cheibriados.
  5477 | D:8      | Reached skill level 5 in Fighting
  5527 | D:8      | Reached skill level 5 in Axes
  5544 | D:8      | Reached skill level 6 in Axes
  5632 | D:8      | Reached skill level 7 in Axes
  5676 | D:8      | Reached * piety under Hepliaklqana
  5681 | D:8      | Found Ceguh's Assorted Antiques.
  5681 | D:8      | Found a staircase to the Lair.
  5714 | Lair:1   | Entered Level 1 of the Lair of Beasts
  5720 | D:8      | Reached XP level 10. HP: 79/79 MP: 6/6
  5727 | Lair:1   | Reached skill level 8 in Axes
  5931 | Lair:1   | Reached skill level 9 in Axes
  5947 | Lair:1   | Noticed a black mamba
  5960 | Lair:1   | Killed a black mamba
  5993 | Lair:1   | Noticed a cane toad
  5998 | Lair:1   | Killed a cane toad
  6025 | Lair:1   | Noticed a four-headed hydra
  6099 | Lair:1   | Killed an 11-headed hydra
  6100 | Lair:1   | Reached skill level 10 in Axes
  6100 | Lair:1   | Reached skill level 1 in Evocations
  6378 | Lair:1   | Noticed a cane toad
  6390 | Lair:1   | Killed a cane toad
  6602 | Lair:2   | Noticed a cane toad
  6607 | Lair:2   | Killed a cane toad
  6636 | Lair:2   | Reached XP level 11. HP: 77/89 MP: 5/5
  6760 | Lair:2   | Reached skill level 11 in Axes
  6874 | Lair:2   | Noticed Erica
  6887 | Lair:2   | Killed Erica
  7052 | Lair:2   | Reached skill level 12 in Axes
  7421 | Lair:3   | Reached ** piety under Hepliaklqana
  7422 | Lair:3   | Remembered your ancestor Sing as a battlemage
  7651 | Lair:3   | Noticed Fannar
  7668 | Lair:3   | Killed Fannar
  7669 | Lair:3   | Reached XP level 12. HP: 78/98 MP: 4/4
  7702 | Lair:3   | Reached skill level 13 in Axes
  8230 | Lair:4   | Found a staircase to the Snake Pit.
  8270 | Lair:4   | Reached *** piety under Hepliaklqana
  8377 | Lair:4   | Noticed a five-headed hydra
  8385 | Lair:4   | Killed an eight-headed hydra
  8391 | Lair:4   | Found a staircase to the Shoals.
  8613 | Lair:4   | Noticed a death yak
  8620 | Lair:4   | Killed a death yak
  8621 | Lair:4   | Reached skill level 10 in Armour
  8654 | Lair:4   | Reached skill level 14 in Axes
  8658 | Lair:4   | Identified the +7 hunting sling "Kezaid" {venom, rF- Int+5}
  8703 | Lair:4   | Noticed a four-headed hydra
  8713 | Lair:4   | Killed a 12-headed hydra
  9079 | Lair:4   | Reached **** piety under Hepliaklqana
  9143 | Lair:4   | Found a runed translucent door.
  9190 | Lair:4   | Found a runed translucent gate.
  9191 | Lair:4   | Noticed a boulder beetle
  9191 | Lair:4   | Noticed a boulder beetle
  9192 | Lair:4   | Found a runed translucent gate.
  9192 | Lair:4   | Identified the +5 whip "Zysel" {vorpal, rF+ Will- rCorr}
  9194 | Lair:4   | Found a runed translucent gate.
  9194 | Lair:4   | Found a runed translucent gate.
  9194 | Lair:4   | Found a runed translucent gate.
  9194 | Lair:4   | Noticed a boulder beetle
  9194 | Lair:4   | Noticed a boulder beetle
  9195 | Lair:4   | Found a runed translucent gate.
  9347 | Lair:5   | Reached XP level 13. HP: 77/106 MP: 4/4
  9469 | Lair:5   | Found a staircase to the Slime Pits.
  9471 | Lair:5   | Paralysed by a floating eye for 3 turns
  9476 | Lair:5   | Paralysed by a floating eye for 3 turns
  9996 | Lair:6   | Entered Level 6 of the Lair of Beasts
 10080 | Lair:6   | Noticed a dire elephant
 10089 | Lair:6   | Killed a dire elephant
 10108 | Lair:6   | Reached skill level 1 in Invocations
 10268 | Lair:6   | Reached ***** piety under Hepliaklqana
 10280 | Lair:6   | Reached skill level 15 in Axes
 10617 | Lair:6   | Reached skill level 5 in Stealth
 10960 | Lair:6   | Reached skill level 5 in Invocations
 11136 | Lair:6   | Gained mutation: You resist negative energy. (rN+) [Deep
                  | Dwarf growth]
 11136 | Lair:6   | Reached XP level 14. HP: 83/117 MP: 6/6
 11155 | Lair:6   | Identified the +3 leather armour of Itreih {Rampage}
 11720 | D:8      | Bought a scroll of identify for 74 gold pieces
 11720 | D:8      | Bought a brown potion for 33 gold pieces
 11943 | D:8      | Found a sacrificial altar of Ru.
 11968 | D:8      | Reached skill level 10 in Shields
 12797 | D:9      | Noticed Maggie
 12802 | D:9      | Killed Maggie
 13137 | D:9      | Reached skill level 10 in Fighting
 13337 | D:9      | Reached skill level 16 in Axes
 13810 | D:10     | Found a staircase to the Orcish Mines.
 13945 | D:10     | Found an iron altar of Okawaru.
 14000 | Orc:1    | Entered Level 1 of the Orcish Mines
 14088 | Orc:1    | Reached ****** piety under Hepliaklqana
 14271 | Orc:2    | Entered Level 2 of the Orcish Mines
 14382 | Orc:2    | Found a staircase to the Elven Halls.
 14388 | Orc:2    | Noticed Nessos
 14508 | Orc:2    | Noticed an orc warlord
 14532 | Orc:2    | Killed an orc warlord
 14555 | Orc:2    | Found Dumeol's Antique Weapon Boutique.
 14642 | Orc:2    | Found Binlo's Antique Armour Shop.
 14650 | Orc:2    | Bought a smoking plate armour for 896 gold pieces
 14650 | Orc:2    | Identified the +14 plate armour of the Apothecary {rPois
                  | rC+ Will+ Dex-3} (You bought it in a shop on level 2 of the
                  | Orcish Mines)
 14881 | Orc:2    | Found Saxkyn's General Store.
 15115 | Orc:2    | Found Hisas's Book Boutique.
 15520 | Orc:2    | Noticed an orc warlord
 15536 | Orc:2    | Killed an orc warlord
 15826 | Orc:2    | Killed Nessos
 15989 | D:11     | Found Hisec's Jewellery Emporium.
 16202 | D:11     | Found a white marble altar of Elyvilon.
 16271 | D:11     | Bought an amulet of reflection for 510 gold pieces
 16378 | D:11     | Identified the +3 mace of Doom {elec, rC+ rN+}
 16541 | D:12     | Noticed Eletz's ghost (journeyman OgEE)
 16544 | D:12     | Noticed a stone giant
 16555 | D:12     | Identified the ring "Pugh" {rCorr Int+4 Dex-4 SInv}
 16612 | D:12     | Reached XP level 15. HP: 107/126 MP: 3/3
 16740 | D:12     | Found a runed translucent gate.
 16740 | D:12     | Found a runed translucent gate.
 16740 | D:12     | Found a runed translucent gate.
 17416 | D:12     | Killed Eletz's ghost
 17831 | D:13     | Found a gate to the Vaults.
 18710 | Lair:4   | Reached skill level 17 in Axes
 18710 | Lair:4   | Reached skill level 10 in Invocations
 18832 | Snake:1  | Entered Level 1 of the Snake Pit
 19496 | Shoals:1 | Entered Level 1 of the Shoals
 20380 | Shoals:2 | Reached XP level 16. HP: 117/136 MP: 5/5
 20499 | Shoals:2 | Found Asosy's Book Emporium.
 20732 | Shoals:2 | Noticed Aizul
 20744 | Shoals:2 | Killed Aizul
 21217 | Shoals:2 | Noticed a kraken
 21224 | Shoals:2 | Killed a kraken
 21315 | Shoals:3 | Noticed Ilsuiw
 21325 | Shoals:2 | Hit by a javelin thrown by a merfolk javelineer

Illustrated notes

Levels and vault maps discovered:
D:1:      psy_arrival_conway, layout_basic, shapermc_ecumenical_altar_gd,
          kennysheep_another_room
D:2:      layout_loops_cross, serial_shops, nicolae_shop_statue_plus, shop
D:3:      layout_basic, grunt_temple_overflow_open
D:4:      layout_basic, mainiacjoe_overflow_alcove_2, uniq_ijyb
D:5:      wad_river_or_something, layout_basic
D:6:      layout_basic, fedhas_altar_4, lemuel_tele_altar, kennysheep_potato
D:7:      layout_rooms, minmay_temple_entry_nine_rooms, gammafunk_ghost_split,
          uniq_menkaure
D:8:      minmay_ornate_pinched, layout_layer_cave, overflow_temple_1_default,
          lair_entry_dummy, serial_shops, nicolae_shop_overgrown_old_shop,
          palyth_stone_intersect
D:9:      layout_basic, hangedman_fish_farm, uniq_maggie
D:10:     layout_rooms, kennysheep_slug_shrine, okawaru_trees_1, orc_0_dummy,
          special_room [special_room_orc]
D:11:     layout_rooms, serial_shops, nicolae_stop_n_shop_2,
          minmay_gold_behind_fungi, nicolae_elyvilon_temple_path
D:12:     layout_stronghold, gammafunk_ghost_split, minmay_bent
D:13:     layout_long_grid, ximxim_vaults_locker_room
Temple:   eino_temple_lava
Lair:1:   layout_roguey, serial_bayou_shore_a, grunt_megastairs_2
Lair:2:   layout_cellular_growth, uniq_erica
Lair:3:   layout_chaotic_city, infiniplex_staircase_pool, uniq_fannar
Lair:4:   gammafunk_indiana_jones, layout_regular_city,
          minmay_shoals_entry_centaurs, guppyfry_snake_entry_island,
          nzn_random_ring
Lair:5:   layout_roguey, minmay_slime_entry_eyes
Lair:6:   evilmike_catoblepas_cave, layout_long_grid, serial_bayou_pond_d,
          nicolae_quartered_pool_super, grunt_megastairs_1
Shoals:1: layout_shoals, nicolae_shoals_wave_tunnel
Shoals:2: layout_shoals, serial_shops, shop_statue, uniq_aizul
Shoals:3: layout_shoals, st_sunken_huts, uniq_ilsuiw
Snake:1:  layout_basic
Orc:1:    layout_caves, basic_altar
Orc:2:    grunt_orc_gardens, layout_diamond_mine, grunt_orc_garden,
          grunt_orc_garden, grunt_orc_garden, grunt_orc_garden, special_room,
          mines_bat_river, uniq_nessos

Skill      XL: |  1  2  3  4  5  6  7  8  9 10 11 12 13 14 15 16 |
---------------+-------------------------------------------------+-----
Axes           | 3 7 10 12 14 15 16 17 | 17.6
Fighting       | 3 4 5 6 7 8 9 10 11 12 | 12.0
Maces & Flails | 1 2 3 4 6 |  6.9
Armour         | 4 5 6 7 8 10 11 12 13 | 13.4
Dodging        | 1 2 3 |  3.7
Shields        | 4 5 6 7 8 9 10 11 12 | 12.4
Stealth        | 1 2 4 5 6 7 |  7.2
Short Blades   | 2 |  2.2
Throwing       | 1 2 3 |  3.0
Evocations     | 1 2 3 4 |  4.8
Invocations    | 5 9 11 | 11.9

Action                   |  1- 3 |  4- 6 |  7- 9 | 10-12 | 13-15 | 16-18 || total
-------------------------+-------+-------+-------+-------+-------+-------++-------
Melee: War axe           |    42 |    23 |    90 |   352 |   937 |   127 ||  1571
       Whip              |    69 |    80 |       |       |    26 |       ||   175
       Flail             |       |    25 |    99 |       |       |       ||   124
       Dagger            |       |       |   140 |       |       |       ||   140
Throw: Dart              |       |     8 |    20 |     6 |    13 |       ||    47
Invok: Ancestor Identity |       |       |     1 |       |       |       ||     1
       Ancestor Life: Ba |       |       |       |     1 |       |       ||     1
       Transference      |       |       |       |       |     1 |       ||     1
       Idealise          |       |       |       |       |     1 |     1 ||     2
 Abil: Heal Wounds       |     1 |     4 |    16 |    23 |    45 |    13 ||   102
Evoke: Wand              |       |       |       |    13 |    27 |     6 ||    46
       Box of beasts     |       |       |       |       |     1 |     1 ||     2
       Lightning rod     |       |       |       |       |       |     2 ||     2
       Phantom mirror    |       |       |       |       |       |     1 ||     1
  Use: Scroll            |       |     1 |     9 |     4 |    22 |     7 ||    43
       Potion            |       |     1 |       |     1 |     7 |     4 ||    13
 Stab: Distracted        |       |       |       |     7 |    16 |     2 ||    25
       Paralysed         |       |       |       |       |     2 |       ||     2
Armor: Scale mail        |    58 |       |       |       |       |       ||    58
       Chain mail        |    14 |    53 |   113 |       |       |       ||   180
       Plate armour      |       |       |    34 |   211 |   398 |   149 ||   792
Dodge: Dodged            |    49 |    21 |   114 |   117 |   252 |    72 ||   625
Block: Kite shield       |    62 |    15 |       |       |       |       ||    77
       Buckler           |       |    17 |   107 |   149 |   423 |   112 ||   808
       Reflection        |       |       |       |       |    17 |    19 ||    36

Table legend: (Time is in decaauts)
 A = Elapsed time spent in this place.
 B = Non-inter-level travel time spent in this place.
 C = Inter-level travel time spent in this place.
 D = Time resting spent in this place.
 E = Time spent auto-exploring this place.
 F = Levels seen in this place.
 G = Mean time per level.
                   A        B        C        D        E       F      G
               +--------+--------+--------+--------+--------+-----+--------+
         Total |  21273 |  19110 |   2163 |    798 |   9132 |  26 |  818.2 |
       Dungeon |  10569 |   9694 |    875 |    515 |   4852 |  13 |  813.0 |
        Temple |     70 |     70 |      0 |      0 |     42 |   1 |   70.0 |
          Lair |   6631 |   5534 |   1097 |     89 |   3024 |   6 | 1105.2 |
        Shoals |   1948 |   1873 |     75 |     27 |    654 |   3 |  649.3 |
     Snake Pit |    219 |    219 |      0 |      0 |      0 |   1 |  219.0 |
  Orcish Mines |   1833 |   1718 |    115 |    167 |    559 |   2 |  916.5 |
               +--------+--------+--------+--------+--------+-----+--------+

Top non-repeatable levels by time:
  Lair:4: 1562 daAuts
   Orc:2: 1419 daAuts
     D:5: 1375 daAuts
  Lair:6: 1347 daAuts
     D:8: 1339 daAuts
     D:4: 1053 daAuts
  Lair:1: 1006 daAuts
  Lair:2: 1001 daAuts
  Lair:3: 983 daAuts
Shoals:1: 973 daAuts
    D:12: 960 daAuts
Shoals:2: 936 daAuts
     D:9: 892 daAuts
     D:6: 838 daAuts
    D:13: 785 daAuts
